Map: 트라이튼 - 래더

Players

Serral

  • Race: Zerg Zerg
  • Spawn Location: 11:00

Hurricane - Winner!

  • Race: Protoss Protoss
  • Spawn Location: 5:00

Event: IEM Katowice 2020

VOD

Have the link to the VOD?

Description

Time

  • Played on: Feb. 28, 2020, 12:30 p.m.
  • Length: 11:39

All games in this series

Show
View Real Time Build Order
Export as new Build Order

Serral Zerg 

Build Orders: Hatch First 

Get SALT Encoding   

  12  0:00  Drone  
  13  0:12  Overlord  
  13  0:18  Drone  
  14  0:30  Drone x2  
  16  0:44  Drone  
  17  0:53  Hatchery  
  17  0:55  Drone  
  17  0:58  Drone  
  18  1:10  Extractor  
  17  1:13  Spawning Pool  
  17  1:16  Drone  
  17  1:19  Drone  
  18  1:28  Drone  
  19  1:40  Overlord  
  19  1:52  Drone  
  20  2:00  Queen  
  20  2:01  Zergling x2  
  23  2:04  Queen  
  23  2:05  Zergling x2  
  26  2:09  Metabolic Boost  
  26  2:11  Drone  
  27  2:16  Drone  
  27  2:21  Drone  
  29  2:28  Drone  
  30  2:39  Hatchery  
  30  2:40  Zergling x2  
  30  2:45  Queen  
  32  2:54  Overlord  
  32  2:55  Drone x2  
  32  2:58  Drone  
  35  3:00  Drone  
  35  3:13  Drone x2  
  35  3:14  Drone x3  
  40  3:21  Overlord  
  40  3:22  Zergling x2  
  40  3:24  Queen  
  43  3:32  Overlord  
  43  3:36  Zergling x2  
  44  3:43  Overlord  
  44  3:50  Drone x4  
  44  3:52  Spore Crawler  
  44  3:53  Queen, Drone  
  50  3:56  Spore Crawler  
  50  3:57  Drone  
  50  4:01  Zergling x2  
  50  4:02  Drone  
  52  4:05  Overlord  
  52  4:07  Drone  
  53  4:10  Spore Crawler  
  53  4:13  Drone x2  
  54  4:20  Drone  
  54  4:22  Drone, Roach Warren  
  55  4:24  Drone  
  55  4:25  Drone  
  55  4:27  Drone  
  55  4:29  Overlord  
  58  4:32  Zergling x2  
  58  4:34  Drone  
  58  4:36  Extractor  
  58  4:37  Zergling x2  
  58  4:38  Zergling x2  
  61  4:40  Drone x2  
  61  4:42  Drone  
  61  4:43  Drone  
  65  4:48  Lair  
  65  4:51  Zergling x4, Extractor x2  
  64  4:53  Drone  
  64  4:56  Drone  
  64  4:58  Drone  
  67  5:00  Drone x3  
  67  5:04  Overlord  
  67  5:05  Drone  
  67  5:07  Evolution Chamber  
  69  5:08  Drone  
  69  5:09  Drone x2  
  69  5:11  Drone  
  69  5:13  Overlord  
  72  5:19  Drone x2  
  71  5:22  Overlord  
  71  5:23  Drone x2  
  73  5:31  Extractor  
  73  5:32  Drone x3  
  73  5:33  Drone x2  
  73  5:34  Zerg Melee Weapons Level 1  
  77  5:36  Drone x2  
  77  5:39  Extractor  
  78  5:43  Drone x3  
  78  5:47  Glial Reconstitution, Overseer  
  78  5:49  Drone x3  
  84  5:51  Drone  
  84  5:54  Roach x2  
  89  5:59  Roach x2, Baneling Nest  
  92  6:06  Overlord  
  92  6:07  Overlord  
  92  6:09  Overlord  
  91  6:12  Overlord  
  91  6:13  Overlord  
  91  6:16  Overlord  
  91  6:17  Spore Crawler, Overlord  
  88  6:20  Drone  
  88  6:25  Drone x5  
  94  6:27  Spore Crawler  
  94  6:28  Queen  
  95  6:37  Drone  
  97  6:42  Drone x2, Overlord  
  97  6:43  Spore Crawler  
  97  6:44  Drone  
  97  6:45  Drone  
  97  6:48  Centrifical Hooks  
  97  6:51  Drone  
  96  6:56  Drone x2  
  95  7:02  Drone  
  90  7:09  Drone x2  
  90  7:12  Drone  
  93  7:16  Drone x2  
  93  7:19  Hatchery  
  93  7:21  Drone  
  95  7:26  Drone  
  95  7:29  Drone  
  97  7:33  Drone  
  95  7:38  Drone x3  
  95  7:41  Overlord  
  94  7:45  Roach  
  94  7:46  Roach x7, Zerg Melee Weapons Level 2  
  94  7:50  Infestation Pit, Evolution Chamber  
  108  7:55  Roach  
  108  7:56  Overseer, Pneumatized Carapace  
  110  8:00  Roach x2  
  114  8:09  Overlord  
  114  8:11  Roach x5  
  124  8:17  Zerg Missile Weapons Level 1  
  124  8:20  Zergling x4  
  124  8:21  Zergling x4  
  124  8:24  Spire  
  124  8:26  Zergling x8  
  127  8:29  Ravager  
  127  8:30  Ravager x3  
  127  8:32  Zergling x4  
  132  8:35  Baneling  
  132  8:36  Baneling x8  
  131  8:43  Zergling x20  
  140  8:50  Hatchery, Roach  
  131  8:55  Roach  
  131  8:56  Roach x2  
  122  9:20  Baneling x12  
  122  9:22  Drone x10  
  122  9:23  Hive  
  132  9:25  Drone x2  
  134  9:33  Zergling x8  
  138  9:42  Zergling x14  
  144  9:45  Overlord  
  140  9:52  Zergling x2  
  140  9:53  Zergling x2  
  140  9:56  Baneling x5  
  140  9:57  Baneling x3  
  139  10:02  Spore Crawler  
  138  10:08  Ravager x4  
  138  10:10  Zergling x24  
  148  10:24  Drone  
  148  10:25  Drone x2  
  148  10:27  Overlord  
  143  10:29  Overseer  
  143  10:32  Zergling x2  
  143  10:33  Zergling x18  
  153  10:36  Overlord x4  
  153  10:39  Overlord  
  153  10:40  Hatchery  
  151  10:47  Drone x2  
  152  10:51  Zergling x8  
  152  10:54  Baneling  
  152  10:55  Baneling x8  
  156  11:00  Zergling x22  
  164  11:08  Zergling x10  
  163  11:14  Zergling x2  
  151  11:22  Zergling x4  
Show
View Real Time Build Order
Export as new Build Order

Hurricane Protoss - Winner!

Build Orders: 1 Gate Expand, Oracle Opening, Phoenix Opening, Mass Phoenix 

Get SALT Encoding   

  12  0:00  Probe  
  13  0:12  Probe  
  14  0:18  Pylon  
  14  0:24  Probe (Chrono Boost)  
  15  0:37  Probe (Chrono Boost)  
  15  0:40  Gateway  
  16  0:46  Probe (Chrono Boost)  
  17  0:50  Assimilator  
  17  0:52  Probe  
  18  1:04  Probe  
  19  1:16  Probe  
  20  1:27  Nexus  
  20  1:36  Cybernetics Core  
  20  1:40  Probe  
  21  1:47  Assimilator  
  21  1:52  Probe  
  22  1:55  Pylon  
  22  2:04  Probe  
  23  2:11  Adept (Chrono Boost)  
  25  2:16  Probe  
  25  2:21  Stargate  
  26  2:29  Probe (Chrono Boost), Warp Gate  
  27  2:34  Adept  
  29  2:39  Probe (Chrono Boost)  
  31  2:46  Probe (Chrono Boost)  
  31  2:48  Probe (Chrono Boost)  
  32  2:53  Probe x2 (Chrono Boost)  
  34  3:04  Phoenix (Chrono Boost)  
  34  3:05  Probe (Chrono Boost)  
  38  3:07  Probe (Chrono Boost)  
  38  3:11  Pylon  
  38  3:17  Probe (Chrono Boost)  
  40  3:20  Oracle (Chrono Boost)  
  40  3:21  Probe (Chrono Boost)  
  40  3:22  Probe (Chrono Boost)  
  44  3:29  Probe  
  44  3:31  Probe  
  46  3:41  Probe, Gateway  
  47  3:43  Probe, Pylon  
  48  3:50  Assimilator x2  
  48  3:53  Probe  
  49  3:55  Probe, Oracle (Chrono Boost)  
  49  3:56  Pylon  
  53  4:05  Probe  
  53  4:07  Probe  
  55  4:17  Probe  
  55  4:18  Stargate  
  55  4:20  Probe  
  57  4:27  Zealot  
  57  4:29  Probe  
  60  4:32  Probe  
  60  4:37  Phoenix  
  63  4:42  Probe  
  63  4:44  Pylon  
  64  4:46  Zealot  
  66  4:58  Probe x2  
  68  5:01  Phoenix (Chrono Boost)  
  68  5:02  Phoenix (Chrono Boost)  
  72  5:07  Nexus  
  72  5:08  Pylon  
  72  5:13  Pylon  
  68  5:20  Probe  
  68  5:21  Probe  
  67  5:22  Phoenix (Chrono Boost)  
  67  5:23  Phoenix (Chrono Boost)  
  67  5:24  Adept  
  67  5:27  Zealot  
  75  5:37  Twilight Council  
  75  5:39  Forge  
  75  5:40  Phoenix (Chrono Boost)  
  79  5:44  Phoenix (Chrono Boost)  
  79  5:50  Probe x2  
  81  5:57  Robotics Facility  
  81  5:59  Gateway x2  
  81  6:01  Sentry, Zealot  
  81  6:03  Protoss Ground Weapons Level 1 (Chrono Boost)  
  85  6:13  Charge (Chrono Boost)  
  85  6:18  Probe x2  
  87  6:19  Probe  
  88  6:28  Gateway x2  
  88  6:32  Gateway  
  88  6:36  Gateway  
  88  6:37  Gateway  
  88  6:39  Sentry x2  
  90  6:50  Probe x3  
  91  7:01  Pylon, Warp Prism (Chrono Boost)  
  91  7:03  Photon Cannon  
  91  7:06  Sentry, Zealot x3  
  101  7:09  Assimilator x2  
  101  7:10  Pylon  
  101  7:16  Templar Archives  
  101  7:28  Zealot x4  
  108  7:30  Immortal (Chrono Boost)  
  111  7:37  Sentry, Zealot x4  
  120  7:47  Probe x3  
  123  7:52  Pylon x3  
  123  7:53  Pylon  
  123  8:03  Pylon  
  123  8:04  Pylon  
  123  8:05  Protoss Ground Weapons Level 2 (Chrono Boost)  
  123  8:06  High Templar  
  123  8:10  High Templar x2  
  123  8:11  Zealot x2  
  133  8:12  High Templar  
  133  8:13  Zealot  
  133  8:15  Zealot  
  133  8:16  Archon  
  133  8:17  Archon  
  133  8:18  Zealot  
  141  8:22  Probe x3  
  144  8:32  High Templar x2  
  148  8:36  Archon  
  148  8:37  Zealot x2  
  148  8:42  Probe x2  
  148  8:43  Probe  
  123  8:58  Blink (Chrono Boost)  
  123  8:59  Immortal (Chrono Boost)  
  121  9:11  Stalker x6  
  130  9:19  Zealot x3  
  130  9:21  Shield Battery  
  136  9:28  Warp Prism (Chrono Boost)  
  136  9:36  High Templar x2  
  136  9:37  Zealot x4, Shield Battery  
  150  9:40  Pylon  
  150  9:42  Archon  
  148  9:51  Nexus  
  148  9:54  Observer  
  148  9:57  High Templar x2, Zealot x5  
  163  10:02  Archon  
  163  10:03  Photon Cannon  
  163  10:10  Shield Battery  
  163  10:13  Pylon  
  161  10:29  Zealot x4  
  161  10:31  High Templar x4  
  161  10:33  Zealot  
  161  10:35  Archon x2  
  175  10:49  Photon Cannon  
  175  10:56  Zealot x5  
  183  11:11  Zealot x4  
  183  11:18  Zealot x5  
  142  11:31  Zealot  
  142  11:32  Zealot x3  

Tags
 
Add a new tag
Caveats
  • Supply blocks, unpowered buildings, or Contaminate may cause inaccurate times.
  • Supply counts are checked every 10 seconds.